AoeStats
← Shrinking head turtle

Fortress

507204190Analyzed
4v4 RM · 16d ago on Sep 17, 2026· 45m 42s· 8 players
Game mode
Random Map
Map size
Huge
Population
200
Speed
Normal
Resources
Standard
Victory
Conquest
Starting age
Dark Age
Ending age
Imperial Age
RankedLock teamsTeams togetherTeam positionsShared explorationLock speedFull tech treeHidden civsTurbo modeCheats
Victory
Defeat
🇭🇰 Mongols · Hong Kong SAR China
912
+14
🇨🇳 Khmer · China
900
+14
🇺🇸 Byzantines · United States
810
+19
🇺🇸 Spanish · United States
797
+18
🇲🇽 Huns · Mexico
874
-17
🇺🇸 Bohemians · United States
858
-16
🇺🇸 Persians · United States
848
-16
🇧🇷 Goths · Brazil
843
-16
Boundless316
1:35 Loom
7:32 Feudal Age
8:52 Wheelbarrow
8:06 Double-Bit Axe
8:07 Horse Collar
15:59 Castle Age
17:07 Hand Cart
17:22 Bow Saw
17:40 Heavy Plow
28:31 Imperial Age
26:26 Wagenburg Tactics
27:00 Town Watch
29:03 Chemistry
28:21 Squires
28:43 Fletching
29:05 Forging
28:56 Padded Archer Armor
28:57 Scale Mail Armor
29:34 Conscription
30:34 Two-Man Saw
30:53 Bodkin Arrow
30:50 Treadmill Crane
31:28 Masonry
31:30 Fortified Wall
30:53 Elite Skirmisher
32:00 Town Patrol
32:34 Bracer
33:07 Leather Archer Armor
33:07 Chain Mail Armor
32:47 Pikeman
33:53 Caravan
34:31 Plate Mail Armor
33:55 Halberdier
37:04 Ring Archer Armor
37:10 Iron Casting
37:35 Coinage
39:49 Ballistics
45:18 Banking
Sow
1:09 Loom
8:54 Feudal Age
9:44 Double-Bit Axe
11:34 Horse Collar
13:31 Fletching
15:49 Castle Age
14:10 Fletching
14:43 Gold Mining
15:47 Stone Mining
17:28 Heavy Plow
20:04 Gold Shaft Mining
20:30 Bow Saw
21:59 Fervor
22:43 Padded Archer Armor
22:39 Bodkin Arrow
29:53 Imperial Age
28:05 Caravan
29:17 Leather Archer Armor
29:15 Forging
29:46 Wheelbarrow
29:46 Bloodlines
30:31 Husbandry
31:02 Parthian Tactics
31:13 Scale Barding Armor
32:28 Thumb Ring
34:40 Ballistics
35:20 Chemistry
34:16 Murder Holes
34:32 Masonry
33:54 Cavalier
36:03 Hand Cart
35:35 Town Watch
37:51 Two-Man Saw
37:55 Iron Casting
38:43 Chain Barding Armor
40:09 Bracer
41:11 Blast Furnace
40:47 Plate Barding Armor
41:55 Conscription
42:28 Heavy Cavalry Archer
44:33 Paladin
FlyWaV
7:42 Feudal Age
8:11 Horse Collar
13:15 Castle Age
14:21 Heavy Plow
15:09 Kamandaran
14:59 Double-Bit Axe
20:43 Loom
23:11 Wheelbarrow
25:12 Fletching
25:23 Padded Archer Armor
25:11 Crossbowman
26:39 Hand Cart
26:58 Gold Mining
28:37 Bow Saw
29:26 Man-at-Arms
29:52 Gambesons
31:09 Caravan
34:55 Imperial Age
34:12 Bloodlines
34:02 Husbandry
33:29 Long Swordsman
34:10 Squires
35:39 Conscription
35:39 Thumb Ring
35:03 Capped Ram
35:22 Pikeman
36:22 Scale Barding Armor
36:29 Forging
36:16 Bodkin Arrow
37:46 Elite War Elephant
38:46 Light Cavalry
39:26 Husbandry
40:09 Crop Rotation
40:41 Chain Barding Armor
40:56 Iron Casting
40:39 Hussar
42:44 Citadels
42:48 Masonry
JJCalmon
8:33 Feudal Age
10:26 Double-Bit Axe
12:51 Castle Age
12:47 Wheelbarrow
14:55 Fervor
28:44 Hand Cart
32:24 Imperial Age
36:58 Imperial Age
BasicOrc4106
5:26 Loom
10:05 Feudal Age
13:09 Stone Mining
13:10 Gold Mining
16:37 Castle Age
18:50 Horse Collar
19:38 Caravan
21:20 Double-Bit Axe
24:42 Caravan
28:19 Wheelbarrow
27:29 Town Watch
28:51 Bow Saw
28:37 Town Watch
32:13 Padded Archer Armor
32:27 Heavy Plow
33:02 Bloodlines
32:53 Husbandry
33:18 Leather Archer Armor
33:46 Hand Cart
38:11 Imperial Age
36:47 Stone Shaft Mining
37:17 Fletching
39:18 Elite Conquistador
40:21 Conscription
41:54 Ring Archer Armor
41:20 Bodkin Arrow
44:05 Ballistics
44:46 Chemistry
43:56 Fortified Wall
43:43 Murder Holes
43:45 Herbal Medicine
44:01 Fervor
44:12 Sanctity
John Bobby
7:21 Feudal Age
5:37 Loom
11:24 Castle Age
13:10 Double-Bit Axe
18:06 Horse Collar
19:01 Gold Mining
33:35 Imperial Age
32:26 Forging
32:22 Scale Barding Armor
34:54 Bow Saw
35:43 Iron Casting
35:28 Chain Barding Armor
39:55 Logistica
Shrinking head turtle
8:20 Feudal Age
11:12 Castle Age
8:59 Double-Bit Axe
8:55 Horse Collar
9:15 Gold Mining
12:35 Bow Saw
12:43 Heavy Plow
18:29 Wheelbarrow
18:43 Gold Shaft Mining
18:12 Stone Mining
20:02 Hand Cart
20:44 Stone Shaft Mining
24:35 Imperial Age
23:10 Loom
23:12 Town Watch
26:27 Double Crossbow
26:48 Conscription
27:03 Capped Ram
28:24 Ballistics
29:05 Chemistry
27:52 Heavy Scorpion
28:18 Capped Ram
29:57 Crop Rotation
29:18 Siege Ram
30:57 Careening
30:56 Siege Engineers
40:39 Town Patrol
John Rambo
3:27 Loom
7:13 Feudal Age
8:04 Double-Bit Axe
8:00 Horse Collar
12:45 Castle Age
11:56 Fletching
12:06 Padded Archer Armor
14:46 Heavy Plow
18:00 Town Watch
20:48 Bow Saw
23:05 Wheelbarrow
27:18 Imperial Age
25:05 Bodkin Arrow
25:10 Padded Archer Armor
25:27 Fortified Wall
26:52 Leather Archer Armor
27:09 Ballistics
26:46 Murder Holes
27:58 Gold Mining
27:59 Stone Mining
28:39 Conscription
27:52 Capped Ram
28:01 Capped Ram
30:01 Parthian Tactics
30:41 Bracer
30:27 Elite Mangudai
30:34 Elite Mangudai
31:03 Siege Ram
33:12 Drill
36:32 Onager
37:21 Husbandry
37:31 Bloodlines
38:10 Siege Onager
42:08 Chemistry
Connection lost

Rejoining the realm…

Still unreachable

The connection could not be restored.

Session expired

The server has moved on; the page needs a fresh start.